 Dungeon Crawl Stone Soup version 0.27-a0-861-g9529aa9 (webtiles) character file.

Game seed: 16909248973233428876

75 Nithhogg the Covered (level 4, -17/40 HPs)
             Began as a Minotaur Fighter on Apr 1, 2021.
             Demolished by an ogre
             ... wielding a +0 giant spiked club
              (22 damage)
             ... on level 4 of the Dungeon on Apr 2, 2021.
             The game lasted 00:05:22 (2095 turns).

Nithhogg the Covered (Minotaur Fighter)             Turns: 2095, Time: 00:05:23

Health: -17/40     AC: 11    Str: 21    XL:     4   Next: 11%
Magic:  3/3        EV:  6    Int:  5    God:
Gold:   55         SH:  0    Dex: 10    Spells: 3/3 levels left

rFire    . . .     SeeInvis .   k - +0 broad axe
rCold    . . .     Faith    .   (no shield)
rNeg     . . .     Spirit   .   l - +0 plate armour
rPois    .         Reflect  .   (helmet restricted)
rElec    .         Harm     .   (no cloak)
rCorr    .         Rampage  .   (no gloves)
Will     .....                  (no boots)
Stlth    ..........             (no amulet)
HPRegen  0.13/turn              i - ring of flight
MPRegen  0.08/turn              (no ring)

@: lethally poisoned (-17 -> -35), attractive, flying
A: horns 2, retaliatory headbutt
a: no special abilities


You were on level 4 of the Dungeon.
You visited 1 branch of the dungeon, and saw 4 of its levels.

You collected 55 gold pieces.

Inventory:

Hand Weapons
 a - a +0 war axe
 k - a +0 broad axe (weapon)
Armour
 b - a +0 scale mail
 c - a +0 kite shield
 l - a +0 plate armour (worn)
Jewellery
 i - a ring of flight (left hand)
Scrolls
 e - a scroll of fog {unknown}
 g - a scroll of amnesia {unknown}
 h - a scroll of summoning
 j - 2 scrolls of fear
 m - a scroll of identify
Potions
 d - a potion of might
 n - a potion of mutation {unknown}
 o - a potion of haste {unknown}


   Skills:
 + Level 4.3 Fighting
 * Level 3.6 Axes
 + Level 4.3 Armour
 + Level 1.2 Dodging
 - Level 3.8 Shields


You had 3 spell levels left.
You didn't know any spells.
Your spell library contained the following spells:

 Spells                   Type           Power      Damage    Failure   Level
 Animate Skeleton         Necr           0%         N/A       100%        1
 Apportation              Tloc           0%         N/A       100%        1
 Corona                   Hex            0%         N/A       100%        1
 Magic Dart               Conj           0%         1d3       100%        1
 Summon Small Mammal      Summ           0%         N/A       100%        1
 Blink                    Tloc           N/A        N/A       100%        2
 Call Imp                 Summ           0%         N/A       100%        2
 Slow                     Hex            0%         N/A       100%        2
 Confusing Touch          Hex            0%         N/A       100%        3
 Conjure Flame            Conj/Fire      0%         6-21      100%        3
 Gell's Gravitas          Tloc           0%         N/A       100%        3
 Mephitic Cloud           Conj/Pois/Air  0%         N/A       100%        3
 Petrify                  Tmut/Erth      0%         N/A       100%        4
 Metabolic Englaciation   Hex/Ice        0%         N/A       100%        5
 Yara's Violent Unravell  Hex/Tmut       0%         3d3       100%        5


Dungeon Overview and Level Annotations

Branches:
Dungeon (4/15)
 Temple: D:4-7

Altars:
Fedhas
Sif Muna

Shops:
D:2 (


Innate Abilities, Weirdness & Mutations

You have a pair of horns on your head.
You reflexively headbutt those who attack you in melee.


Message History

Things that are here:
a +2 short sword of freezing; 5 stones
o - a grey potion
Found an escape hatch in the ceiling.
You reach down and open the door.
There is an open door here.
An ogre comes into view. It is wielding a +0 giant spiked club.
The ogre shouts!
You hear a shout!
You see here a grey potion.
An ogre is nearby!
Found a spear.
A kobold comes into view.
It is wielding a +0 dagger and quivering poisoned darts.
The kobold shouts!
You hear a shout!
The ogre barely misses you.
You slice the ogre!!
The ogre is severely wounded.
The kobold throws a poisoned dart.
The poisoned dart hits you!
You are poisoned.
The ogre hits you with a +0 giant spiked club!!
Ouch! That really hurt!
You are too injured to fight recklessly!
You are too injured to fight recklessly!
You are too injured to fight recklessly!
You are too injured to fight recklessly!
You are too injured to fight recklessly!
You feel very sick.
You feel sick.
You feel sick.
The kobold throws a poisoned dart.
The poisoned dart hits you!
You are lethally poisoned!
* * * LOW HITPOINT WARNING * * *
You feel very sick.
The kobold throws a poisoned dart.
The poisoned dart hits you!
You are more poisoned.
It was a potion of attraction.
You feel attractive to monsters.
* * * LOW HITPOINT WARNING * * *
You feel very sick.
The ogre hits you with a +0 giant spiked club!!
Ouch! That really hurt!
You die...

#.......###+###'###
#.................#
#.................#
#.................#
#.................#
+.......#+###.....#
#.......# #######
#.......# #....@..#
#..!.O..# #.......#
#.!.....# #.......#
#.......#
...K......+
............#
............#


You could see an ogre and a kobold.

Vanquished Creatures
  2 adders
  An orc (D:3)
  6 bats
  An endoplasm (D:1)
  2 giant cockroaches
  2 goblins (D:2)
  9 hobgoblins
  3 jackals (D:1)
  7 kobolds
  2 quokkas
  8 ball pythons
  3 frilled lizards
  7 rats
53 creatures vanquished.

Vanquished Creatures (others)
  7 plants (D:1)
7 creatures vanquished.

Grand Total: 60 creatures vanquished

Notes
Turn   | Place    | Note
-------+----------+-------------------------------------------
     0 | D:1      | Nithhogg the Minotaur Fighter began the quest for the Orb.
     0 | D:1      | Reached XP level 1. HP: 19/19 MP: 0/0
   239 | D:1      | Reached XP level 2. HP: 27/27 MP: 1/1
   402 | D:1      | You fall into a shaft and drop 1 floor!
   522 | D:1      | Found a faded altar of an unknown god.
   819 | D:2      | Reached XP level 3. HP: 33/33 MP: 2/2
   891 | D:2      | Found Plog's Weapon Shop.
  1392 | D:3      | Reached skill level 1 in Dodging
  1527 | D:3      | Found a blossoming altar of Fedhas.
  1715 | D:3      | Reached XP level 4. HP: 40/40 MP: 3/3
  1782 | D:3      | Found a shimmering blue altar of Sif Muna.
  2086 | D:4      | Noticed an ogre
  2095 | D:4      | Demolished by an ogre

Illustrated notes

Levels and vault maps discovered:
D:1:      roderic_crop_circles_arrival_small, layout_loops_cross,
          basic_ecumenical_altar, minmay_pentomino_q2
D:2:      layout_loops_cross, serial_shops, shop, minivault_24
D:3:      layout_rooms, fedhas_altar_3, lemuel_tele_altar
D:4:      layout_gridville, kennysheep_windowed_goal

Skill      XL: |  1  2  3 |
---------------+----------+-----
Fighting       | 4 |  4.3
Armour         | 4 |  4.3
Axes           | 3 |  3.6
Dodging        | 1 |  1.2
Shields        | |  3.8

Action                   |  1- 3 |  4- 6 || total
-------------------------+-------+-------++-------
Melee: War axe           |    48 |       ||    48
       Headbutt          |    13 |     2 ||    15
       Broad axe         |    47 |    13 ||    60
  Use: Scroll            |     3 |       ||     3
       Potion            |       |     1 ||     1
Armor: Scale mail        |    33 |       ||    33
       Plate armour      |    30 |     7 ||    37
Dodge: Dodged            |    38 |     2 ||    40
Block: Kite shield       |    26 |       ||    26

Table legend: (Time is in decaauts)
 A = Elapsed time spent in this place.
 B = Non-inter-level travel time spent in this place.
 C = Inter-level travel time spent in this place.
 D = Time resting spent in this place.
 E = Time spent auto-exploring this place.
 F = Levels seen in this place.
 G = Mean time per level.
                   A        B        C        D        E       F      G
               +--------+--------+--------+--------+--------+-----+--------+
         Total |   2148 |   2060 |     88 |      0 |   1697 |   4 |  537.0 |
       Dungeon |   2148 |   2060 |     88 |      0 |   1697 |   4 |  537.0 |
               +--------+--------+--------+--------+--------+-----+--------+

Top non-repeatable levels by time:
     D:1: 808 daAuts
     D:2: 615 daAuts
     D:3: 549 daAuts
     D:4: 174 daAuts
